 Dungeon Crawl Stone Soup version 0.23-a0-488-g5fd82c5 (webtiles) character file.

15713 Lavandula the Slicer (level 12, -3/85 HPs)
             Began as a Halfling Enchanter on Dec 1, 2018.
             Was an Elder of Vehumet.
             Slain by an orc warrior
             ... wielding a +0 trident
             ... led by an orc knight
              (19 damage)
             ... on level 15 of the Dungeon.
             The game lasted 00:47:42 (8704 turns).

Lavandula the Slicer (Halfling Enchanter)           Turns: 8704, Time: 00:47:43

Health: -3/85      AC:  6    Str:  9    XL:     12   Next: 61%
Magic:  19/19      EV: 27    Int: 17    God:    Vehumet [****..]
Gold:   811        SH:  6    Dex: 16    Spells: 12/21 levels left

rFire    . . .     SeeInvis .   k - +1 short sword (elec)
rCold    . . .     Gourm    .   O - +0 buckler
rNeg     . . .     Faith    .   K - +0 troll leather armour
rPois    .         Spirit   .   (no helmet)
rElec    .         Reflect  .   o - +0 cloak
rCorr    .         Harm     .   (no gloves)
MR       .....                  (no boots)
Stlth    ++........             (no amulet)
HPRegen  0.64/turn              p - +2 ring of evasion
MPRegen  0.16/turn              v - +5 ring of evasion

@: no status effects
A: small, mutation resistance 1
a: Renounce Religion


You were on level 15 of the Dungeon.
You worshipped Vehumet.
Vehumet was greatly pleased with you.
You were hungry.

You visited 3 branches of the dungeon, and saw 17 of its levels.

You collected 811 gold pieces.

Inventory:

Hand Weapons
 b - a +0 hunting sling
 c - a +2 falchion
 k - a +1 short sword of electrocution (weapon)
 q - a +0 dagger of venom
 s - a +1 falchion of holy wrath
 L - a +2 dagger of holy wrath
 P - a +3 dagger of freezing
Missiles
 g - 83 sling bullets
 F - a throwing net (quivered)
Armour
 m - the +8 scale mail "Kinewnue" {rC- rN++ MR+ Stlth+}
   (You found it on level 5 of the Dungeon)

   It makes you vulnerable to cold.
   It greatly protects you from negative energy.
   It affects your resistance to hostile enchantments.
   It makes you more stealthy.
 o - a +0 cloak (worn)
 E - a +0 leather armour of poison resistance
 K - a +0 troll leather armour (worn)
 O - a +0 buckler (worn)
Jewellery
 p - a +2 ring of evasion (left hand)
 v - a +5 ring of evasion (right hand)
 C - an uncursed ring of positive energy
Wands
 t - a wand of digging (6)
 w - a wand of paralysis (5)
Scrolls
 e - a scroll of magic mapping {unknown}
 f - 2 scrolls of fear
 h - 3 scrolls of remove curse
 i - a scroll of immolation
 l - 5 scrolls of teleportation
 n - a scroll of blinking {unknown}
 x - 3 scrolls of enchant weapon {unknown}
 y - a scroll of fog {unknown}
 G - a scroll of enchant armour {unknown}
 H - a scroll of noise {unknown}
 R - a scroll of identify
Potions
 j - 3 potions of agility
 r - a potion of magic {unknown}
 u - a potion of ambrosia {unknown}
 z - 2 potions of lignification
 B - a potion of flight
 D - a potion of might {unknown}
 I - a potion of berserk rage {unknown}
 J - a potion of curing {unknown}
 Q - a potion of mutation {unknown}
Miscellaneous
 M - a phantom mirror
Comestibles
 d - 15 rations


   Skills:
 - Level 9.3 Fighting
 - Level 12.0 Short Blades
 - Level 8.1 Armour
 - Level 9.0 Dodging
 - Level 3.2 Stealth
 + Level 3.9 Shields
 - Level 5.0 Spellcasting
 - Level 2.4 Hexes
 - Level 3.1 Evocations


You had 12 spell levels left.
You knew the following spells:

 Your Spells              Type           Power        Failure   Level  Hunger
a - Corona                Hex            ##.....      8%          1    None
b - Ensorcelled Hibernat  Hex/Ice        #.....       21%         2    #......
c - Dazzling Spray        Conj/Hex       #.....       11%         3    ###....
d - Confuse               Hex            ##......     24%         3    ###....

Your spell library contained the following spells:

 Spells                   Type           Power        Failure   Level  Hunger
 Ignite Poison            Fire/Tmut/Pois #.......     17%         3    ###....
 Confusing Touch          Hex            ##....       8%          1    None
 Beastly Appendage        Tmut           #.....       22%         1    None
 Tukima's Dance           Hex            ##......     24%         3    ###....
 Sticks to Snakes         Tmut           #.......     32%         2    #......
 Gell's Gravitas          Tloc           #.........   54%         3    ###....
 Spider Form              Tmut/Pois      #.........   54%         3    ###....
 Yara's Violent Unravell  Hex/Tmut       #.........   63%         5    ######.
 Ice Form                 Ice/Tmut       #.......     91%         4    ####...
 Petrify                  Tmut/Erth      #.......     91%         4    ####...
 Metabolic Englaciation   Hex/Ice        #.........   98%         5    ######.
 Blade Hands              Tmut           #.........   99%         5    ######.


Dungeon Overview and Level Annotations

Branches:
Dungeon (15/15)            Temple (1/1) D:7             Orc (1/2) D:9
   Lair: D:8-11      Vaults: D:13-14     Depths: D:15

Altars:
Elyvilon
Fedhas
Qazlal
Sif Muna
Vehumet
Yredelemnul
Zin

Shops:
D:11 }


Innate Abilities, Weirdness & Mutations

You are small and have problems with some larger weapons.
You are somewhat resistant to further mutation.


Message History

Okay, then.
Evoke which item? (* to show all) (? for menu, Esc to quit)
Aiming: Paralyse
Press: ? - help, Shift-Dir - straight line, f/p - wolf spider simulacrum
Aim: a wolf spider simulacrum (chance to defeat MR: 60%)
The wolf spider simulacrum resists with significant effort.
The wolf spider simulacrum barely misses you.
The wolf spider simulacrum closely misses you.
The orc warrior barely misses you.
An orc knight comes into view. It is wielding a +0 great sword.
The wolf spider simulacrum completely misses you.
The wolf spider simulacrum misses you.
Evoke which item? (* to show all) (? for menu, Esc to quit)
Aiming: Paralyse
Press: ? - help, Shift-Dir - straight line, f/p - wolf spider simulacrum
Aim: a wolf spider simulacrum (chance to defeat MR: 60%)
The wolf spider simulacrum suddenly stops moving!
The orc warrior completely misses you.
The orc warrior hits you with a +0 trident!!
You die...

.. #. #. #.
###.######..
.........
#.###Z...#####
#.o.co@o......
#.######.#####
#


You could see an orc knight, an orc warrior, a centaur, an orc priest and a wolf
spider simulacrum (paralysed).

Vanquished Creatures
  A hydra (D:11)
  A two-headed ogre (D:11)
  2 unseen horrors
  An ugly thing (D:11)
  A komodo dragon (D:11)
  3 trolls
  3 slime creatures (D:14)
  2 flying skulls
  29 yaks
  A shadow (D:11)
  A spriggan (D:7)
  A wyvern (D:11)
  A hungry ghost (D:11)
  An ice beast (D:7)
  4 sky beasts
  10 orc warriors
  3 phantoms
  A necrophage (D:5)
  7 centaurs
  6 ogres
  A crocodile (D:12)
  3 bullfrogs
  5 scorpions
  13 wights
  4 electric eels
  3 howler monkeys
  2 crimson imps
  4 jellies
  A quasit (D:10)
  2 centaur skeletons
  8 orc priests
  16 orc wizards
  An iguana (D:4)
  5 worker ants
  2 howler monkey skeletons
  3 gnolls (D:11)
  7 adders
  2 shadow imps
  2 oozes
  2 adder zombies
  An adder skeleton (D:5)
  A worm (D:2)
  A leopard gecko (D:4)
  70 orcs
  2 goblins
  7 hobgoblins
  4 jackals (D:10)
  A kobold (D:1)
  A quokka (D:2)
  4 bats
  2 frilled lizards
  2 jackal zombies
  2 quokka skeletons
  5 rats
  4 fungi (D:10)
272 creatures vanquished.

Vanquished Creatures (collateral kills)
  A hydra (D:13)
1 creature vanquished.

Vanquished Creatures (others)
  An orc warrior (Orc:1)
  2 fungi (D:9)
3 creatures vanquished.

Grand Total: 276 creatures vanquished

Notes
Turn   | Place    | Note
-------+----------+-------------------------------------------
     0 | D:1      | Lavandula the Halfling Enchanter began the quest for the
                  | Orb.
     0 | D:1      | Reached XP level 1. HP: 11/11 MP: 3/3
    65 | D:1      | Reached skill level 2 in Short Blades
   144 | D:1      | Reached XP level 2. HP: 17/17 MP: 4/4
   252 | D:1      | Reached skill level 3 in Short Blades
   735 | D:2      | Learned a level 2 spell: Ensorcelled Hibernation
   785 | D:2      | Reached XP level 3. HP: 12/21 MP: 0/5
  1106 | D:4      | Reached skill level 4 in Short Blades
  1106 | D:4      | Reached XP level 4. HP: 27/27 MP: 1/6
  1129 | D:4      | Learned a level 3 spell: Dazzling Spray
  1166 | D:5      | Entered Level 5 of the Dungeon
  1173 | D:5      | Reached skill level 5 in Short Blades
  1173 | D:5      | Reached XP level 5. HP: 29/31 MP: 2/7
  1190 | D:5      | Got a jacinth-encrusted scale mail
  1234 | D:5      | Reached skill level 6 in Short Blades
  1373 | D:6      | Noticed a necrophage
  1387 | D:5      | Killed a necrophage
  1387 | D:5      | Reached skill level 7 in Short Blades
  1387 | D:5      | Reached XP level 6. HP: 26/33 MP: 5/8
  1676 | D:5      | Reached skill level 8 in Short Blades
  1676 | D:5      | Reached XP level 7. HP: 31/38 MP: 9/9
  1855 | D:6      | Learned a level 3 spell: Confuse
  1880 | D:6      | Reached skill level 9 in Short Blades
  2087 | D:7      | Reached skill level 10 in Short Blades
  2087 | D:7      | Reached XP level 8. HP: 41/43 MP: 10/10
  2107 | D:7      | Found a stormy altar of Qazlal.
  2158 | D:7      | Reached skill level 11 in Short Blades
  2238 | D:7      | Got a fine shortbow
  2292 | D:7      | Identified the +8 scale mail "Kinewnue" {rC- rN++ MR+
                  | Stlth+} (You found it on level 5 of the Dungeon)
  2327 | D:7      | Reached skill level 1 in Fighting
  2450 | D:7      | Found a white marble altar of Elyvilon.
  2506 | D:7      | Noticed a spriggan baker
  2507 | D:7      | Killed a spriggan baker
  2622 | D:8      | Noticed a two-headed ogre
  2905 | D:6      | Reached XP level 9. HP: 41/51 MP: 11/11
  3495 | D:4      | Found a glowing silver altar of Zin.
  3896 | D:6      | Found a deep blue altar of Sif Muna.
  4240 | D:7      | Found a staircase to the Ecumenical Temple.
  4249 | Temple   | Entered the Ecumenical Temple
  4268 | Temple   | Became a worshipper of Vehumet
  4462 | D:8      | Reached skill level 5 in Dodging
  4496 | D:10     | Entered Level 10 of the Dungeon
  4659 | D:11     | Reached XP level 10. HP: 54/60 MP: 12/12
  4679 | D:11     | Found Qoma's Gadget Emporium.
  4762 | D:11     | Reached * piety under Vehumet
  4762 | D:11     | Offered knowledge of Sting by Vehumet.
  4879 | D:11     | Killed an unseen horror
  4901 | D:11     | Noticed a six-headed hydra
  4914 | D:11     | Killed a six-headed hydra
  5179 | D:11     | Noticed a komodo dragon
  5207 | D:11     | Killed a komodo dragon
  5207 | D:11     | Reached XP level 11. HP: 40/72 MP: 12/14
  5614 | D:11     | Offered knowledge of Freeze by Vehumet.
  5703 | D:11     | Noticed a two-headed ogre
  5771 | D:11     | Noticed a purple ugly thing
  5782 | D:11     | Killed a purple ugly thing
  5782 | D:11     | Reached skill level 5 in Spellcasting
  5841 | D:11     | Killed a two-headed ogre
  6208 | D:10     | Reached ** piety under Vehumet
  6330 | D:10     | Killed an unseen horror
  6560 | D:9      | Found a staircase to the Orcish Mines.
  6584 | Orc:1    | Entered Level 1 of the Orcish Mines
  6701 | Orc:1    | Offered knowledge of Throw Flame by Vehumet.
  6805 | Orc:1    | Reached *** piety under Vehumet
  6849 | Orc:1    | Noticed an orc high priest
  7455 | D:11     | Reached skill level 5 in Armour
  7521 | D:11     | Reached XP level 12. HP: 60/82 MP: 19/19
  7651 | D:12     | Offered knowledge of Stone Arrow by Vehumet.
  8056 | D:13     | Noticed an eight-headed hydra
  8064 | D:13     | Killed an eight-headed hydra
  8064 | D:13     | Reached **** piety under Vehumet
  8086 | D:13     | Got a smoking longbow
  8183 | D:13     | Reached skill level 12 in Short Blades
  8187 | D:13     | Reached skill level 1 in Shields
  8570 | D:14     | Offered knowledge of Ignite Poison by Vehumet.
  8686 | D:15     | Entered Level 15 of the Dungeon
  8704 | D:15     | Slain by an orc warrior

Vault maps used:
D:1:      tarquinn_simple_flora_water_f, chequers_decorated_corner
D:2:      chequers_serial_rivers_small_b, nicolae_dithmenos_shadow_blocks,
          uniq_robin, uniq_crazy_yiuf_cottage
D:3:      first_ration
D:4:      kennysheep_mini_moat, minmay_fountain_box
D:6:      lemuel_blue_sif_altar
D:7:      grunt_qazlal_sundering, kennysheep_little_box,
          lemuel_temple_firewalk_b, hangedman_abyss_or_decor_stabs, the_bakery,
          small_statue_intersection
D:9:      minmay_evil_eye, nicolae_ru_awakened_eye, minmay_lair_entry_grove,
          erik_orc_2, nrook_campfire
D:10:     water_boxes_lemuel
D:11:     serial_shops, nicolae_shop_crystal, hex_tiny, minmay_circle_x
D:12:     lemuel_vampire_tower
D:13:     lightli_vaults_fourway_checkpoint, corner_web_ring,
          nrook_pool_corridor
D:14:     gammafunk_ghost_fury_of_okawaru, minivault_25, uniq_josephine
D:15:     grunt_enter_depths_snipers, portal_ice_cave_entry_animals_and_master,
          nicolae_tso_carved_into_rock, serial_shops, shop
Temple:   hc_temple_tempest_star
Orc:1:    basic_altar, serial_shops, shop

Skill      XL: |  1  2  3  4  5  6  7  8  9 10 11 12 |
---------------+-------------------------------------+-----
Short Blades   | 2 3 4 5 7 8 10 11 12 | 12.0
Fighting       | 1 3 7 9 |  9.3
Evocations     | 3 |  3.1
Armour         | 2 3 5 8 |  8.1
Dodging        | 7 9 |  9.0
Spellcasting   | 2 5 |  5.0
Shields        | 3 |  3.9
Stealth        | |  3.2
Hexes          | |  2.4

Action                   |  1- 3 |  4- 6 |  7- 9 | 10-12 || total
-------------------------+-------+-------+-------+-------++-------
Melee: Dagger            |    76 |     8 |    89 |    42 ||   215
       Short sword       |       |    29 |   277 |   801 ||  1107
 Cast: Corona            |     7 |     2 |     2 |     4 ||    15
       Ensorcelled Hiber |     8 |     6 |     4 |     5 ||    23
       Confuse           |       |       |     2 |       ||     2
       Dazzling Spray    |       |       |       |     2 ||     2
Evoke: Wand              |       |       |       |    31 ||    31
  Use: Potion            |       |     1 |     1 |     3 ||     5
       Scroll            |       |       |     2 |     5 ||     7
 Stab: Sleeping          |     8 |     3 |     7 |     1 ||    19
       Confused          |       |       |     2 |       ||     2
       Distracted        |       |       |       |     1 ||     1
       Paralysed         |       |       |       |     2 ||     2
  Eat: Chunk             |     1 |       |     7 |    13 ||    21
       Ration            |       |     1 |     1 |       ||     2
Armor: Robe              |     3 |       |       |       ||     3
       Leather armour    |       |     2 |     3 |       ||     5
       Scale mail        |       |       |    26 |   113 ||   139
       Troll leather arm |       |       |       |     1 ||     1
Dodge: Dodged            |    31 |    19 |   146 |   525 ||   721
Block: Buckler           |       |       |       |     6 ||     6

Table legend:
 A = Non-vault XP
 B = Vault XP
 C = Vault XP percentage of total XP
 D = Non-vault monster count
 E = Vault monster count
 F = Vault count percentage of total count
                 A         B        C        D         E       F
            +---------+---------+-------+---------+---------+-------
      Total |   20457 |    1991 |   8.9 |     237 |      33 |  12.2
            +---------+---------+-------+---------+---------+-------
        D:1 |      21 |       0 |   0.0 |      10 |       0 |   0.0
        D:2 |      31 |       0 |   0.0 |      10 |       0 |   0.0
        D:3 |       2 |       0 |   0.0 |       1 |       0 |   0.0
        D:4 |     320 |       0 |   0.0 |      17 |       0 |   0.0
        D:5 |     595 |       0 |   0.0 |      20 |       0 |   0.0
        D:6 |     470 |       0 |   0.0 |      14 |       0 |   0.0
        D:7 |     780 |     215 |  21.6 |      17 |       1 |   5.6
        D:8 |     364 |       0 |   0.0 |       6 |       0 |   0.0
        D:9 |     427 |     808 |  65.4 |       6 |      21 |  77.8
       D:10 |    1451 |       0 |   0.0 |      19 |       0 |   0.0
       D:11 |    9066 |     737 |   7.5 |      59 |       7 |  10.6
       D:12 |    2767 |     231 |   7.7 |      21 |       4 |  16.0
       D:13 |    2331 |       0 |   0.0 |       8 |       0 |   0.0
       D:14 |    1185 |       0 |   0.0 |       9 |       0 |   0.0
      Orc:1 |     647 |       0 |   0.0 |      20 |       0 |   0.0
            +---------+---------+-------+---------+---------+-------
